Map: Orbital Shipyard

Players

ShoWTimE - Winner!

  • Race: Protoss Protoss

Probe

  • Race: Protoss Protoss

Event: DreamHack ROCCAT LotV Championship

VOD

Have the link to the VOD?

Description

Time

  • Played on: Nov. 26, 2015, 8:42 a.m.
  • Length: 11:33

All games in this series

Show
View Real Time Build Order
Export as new Build Order

ShoWTimE Protoss - Winner!

Build Orders: 1 Gate Expand, Blink Stalkers 

Get SALT Encoding   

  12  0:01  Probe (Chrono Boost)  
  13  0:11  Probe (Chrono Boost)  
  14  0:17  Pylon  
  14  0:22  Probe (Chrono Boost)  
  15  0:35  Probe (Chrono Boost)  
  16  0:36  Gateway  
  16  0:42  Assimilator  
  16  0:46  Probe (Chrono Boost)  
  17  0:56  Probe (Chrono Boost)  
  18  1:07  Probe (Chrono Boost)  
  19  1:21  Nexus  
  19  1:31  Cybernetics Core  
  19  1:37  Assimilator  
  19  1:41  Probe (Chrono Boost)  
  20  1:51  Probe (Chrono Boost), Pylon  
  21  2:02  Probe (Chrono Boost)  
  22  2:09  Stalker  
  22  2:10  Warp Gate  
  22  2:12  Probe (Chrono Boost)  
  25  2:23  Probe (Chrono Boost)  
  25  2:27  Twilight Council  
  26  2:34  Probe (Chrono Boost)  
  26  2:35  Probe (Chrono Boost)  
  29  2:44  Probe (Chrono Boost)  
  29  2:45  Probe (Chrono Boost)  
  29  2:46  Stalker  
  32  2:55  Mothership Core (Chrono Boost)  
  32  2:56  Probe (Chrono Boost)  
  34  3:06  Pylon  
  34  3:07  Probe (Chrono Boost)  
  35  3:13  Probe (Chrono Boost)  
  35  3:17  Probe (Chrono Boost), Blink (Chrono Boost)  
  37  3:24  Probe (Chrono Boost)  
  38  3:28  Probe (Chrono Boost)  
  39  3:34  Probe (Chrono Boost)  
  39  3:37  Gateway  
  39  3:38  Probe (Chrono Boost)  
  39  3:39  Gateway  
  41  3:45  Robotics Facility  
  41  3:47  Probe  
  42  3:49  Probe  
  42  3:53  Adept (Chrono Boost)  
  45  3:59  Probe (Chrono Boost)  
  45  4:02  Probe (Chrono Boost)  
  47  4:03  Pylon  
  47  4:07  Assimilator x2  
  47  4:14  Pylon  
  47  4:17  Probe (Chrono Boost)  
  47  4:20  Probe (Chrono Boost)  
  49  4:26  Pylon  
  49  4:28  Probe (Chrono Boost)  
  50  4:32  Probe (Chrono Boost)  
  50  4:34  Observer (Chrono Boost)  
  50  4:37  Stalker x2  
  50  4:38  Stalker  
  58  4:39  Probe  
  59  4:52  Nexus  
  59  5:00  Pylon  
  59  5:05  Probe, Immortal (Chrono Boost)  
  59  5:06  Probe  
  65  5:16  Robotics Bay  
  65  5:17  Probe  
  65  5:18  Probe  
  67  5:26  Stalker x2  
  71  5:29  Probe  
  71  5:30  Probe  
  71  5:35  Stalker  
  75  5:42  Probe x2 (Chrono Boost), Forge  
  77  5:43  Warp Prism (Chrono Boost)  
  79  5:52  Stalker  
  79  5:54  Probe (Chrono Boost)  
  79  5:55  Probe (Chrono Boost)  
  83  6:04  Probe (Chrono Boost)  
  83  6:08  Probe (Chrono Boost)  
  83  6:11  Stalker x2  
  83  6:13  Disruptor  
  90  6:20  Probe x2 (Chrono Boost)  
  90  6:21  Probe (Chrono Boost)  
  90  6:22  Assimilator  
  90  6:24  Assimilator  
  90  6:25  Protoss Ground Weapons Level 1 (Chrono Boost)  
  93  6:31  Probe x2  
  95  6:33  Photon Cannon  
  95  6:34  Photon Cannon  
  95  6:37  Adept x2  
  95  6:38  Adept  
  101  6:46  Pylon  
  101  6:52  Pylon  
  101  6:56  Probe, Pylon  
  101  6:58  Probe, Robotics Facility  
  101  6:59  Disruptor  
  101  7:04  Probe  
  105  7:10  Stalker x3  
  105  7:14  Gateway  
  111  7:16  Gateway  
  111  7:28  Probe x2  
  111  7:29  Pylon  
  113  7:33  Disruptor (Chrono Boost)  
  113  7:36  Stalker x2  
  113  7:37  Stalker  
  120  7:39  Photon Cannon  
  114  7:47  Disruptor (Chrono Boost), Pylon  
  117  7:55  Protoss Ground Weapons Level 2  
  117  8:00  Pylon  
  117  8:01  Stalker  
  117  8:02  Stalker  
  117  8:05  Probe  
  122  8:06  Gateway  
  122  8:07  Gateway, Disruptor (Chrono Boost)  
  122  8:08  Stalker  
  122  8:11  Stalker x2  
  131  8:19  Pylon  
  131  8:20  Disruptor (Chrono Boost)  
  131  8:22  Pylon  
  134  8:34  Nexus  
  134  8:36  Pylon  
  134  8:40  Stalker x3  
  140  8:50  Stalker  
  140  8:53  Disruptor (Chrono Boost)  
  145  8:56  Stalker  
  145  9:03  Stalker x2  
  145  9:04  Stalker, Stargate  
  145  9:08  Stalker x2  
  145  9:09  Pylon  
  153  9:27  Disruptor (Chrono Boost)  
  156  9:38  Disruptor (Chrono Boost)  
  150  9:41  Adept x4  
  150  9:45  Probe x2  
  160  9:53  Fleet Beacon  
  160  9:54  Stalker x3  
  160  9:55  Stargate  
  166  10:10  Zealot x4  
  172  10:15  Assimilator  
  172  10:17  Assimilator  
  172  10:19  Photon Cannon  
  166  10:22  Disruptor (Chrono Boost)  
  166  10:25  Disruptor (Chrono Boost)  
  162  10:28  Photon Cannon  
  162  10:38  Stalker x3  
  162  10:39  Stalker x2  
  162  10:40  Stalker  
  172  10:52  Tempest (Chrono Boost)  
  180  10:57  Stalker  
Show
View Real Time Build Order
Export as new Build Order

Probe Protoss 

Build Orders: 1 Gate Expand 

Get SALT Encoding   

  12  0:01  Probe (Chrono Boost)  
  13  0:11  Probe (Chrono Boost)  
  14  0:22  Probe (Chrono Boost), Pylon  
  15  0:40  Gateway, Probe (Chrono Boost)  
  16  0:48  Assimilator  
  16  0:51  Probe (Chrono Boost)  
  17  1:01  Probe (Chrono Boost)  
  18  1:12  Probe (Chrono Boost)  
  19  1:21  Nexus  
  20  1:25  Probe (Chrono Boost)  
  20  1:36  Cybernetics Core  
  20  1:38  Probe (Chrono Boost)  
  21  1:44  Assimilator  
  21  1:49  Probe (Chrono Boost)  
  21  1:52  Pylon  
  22  1:59  Probe (Chrono Boost)  
  23  2:13  Mothership Core (Chrono Boost)  
  25  2:19  Adept  
  27  2:27  Warp Gate  
  27  2:31  Probe (Chrono Boost)  
  27  2:36  Probe (Chrono Boost)  
  29  2:42  Probe (Chrono Boost)  
  30  2:47  Probe (Chrono Boost)  
  30  2:50  Robotics Facility  
  31  2:52  Probe (Chrono Boost)  
  31  2:55  Stalker  
  31  2:57  Probe (Chrono Boost)  
  35  3:03  Probe (Chrono Boost)  
  36  3:08  Probe (Chrono Boost)  
  36  3:09  Assimilator  
  37  3:13  Probe (Chrono Boost), Pylon  
  37  3:18  Probe (Chrono Boost)  
  39  3:24  Probe (Chrono Boost)  
  40  3:29  Probe (Chrono Boost)  
  41  3:34  Probe (Chrono Boost)  
  41  3:37  Observer (Chrono Boost)  
  41  3:38  Probe  
  44  3:42  Robotics Bay  
  44  3:46  Probe  
  45  3:48  Probe  
  45  3:55  Assimilator  
  46  3:56  Pylon  
  46  3:57  Observer (Chrono Boost)  
  46  3:58  Probe  
  46  3:59  Probe  
  49  4:03  Twilight Council  
  49  4:09  Probe  
  49  4:10  Probe  
  49  4:12  Pylon  
  49  4:16  Gateway  
  49  4:17  Gateway  
  51  4:23  Probe x2  
  52  4:27  Disruptor (Chrono Boost)  
  56  4:39  Pylon, Blink (Chrono Boost)  
  56  4:51  Stalker  
  55  5:00  Disruptor  
  58  5:07  Pylon  
  58  5:08  Pylon  
  58  5:10  Pylon  
  58  5:12  Stalker x2  
  62  5:21  Forge  
  62  5:30  Nexus  
  62  5:33  Warp Prism  
  62  5:37  Pylon  
  62  5:41  Gateway  
  64  5:43  Gateway  
  64  5:45  Stalker  
  64  5:47  Stalker  
  68  5:59  Stalker  
  70  6:06  Protoss Ground Weapons Level 1 (Chrono Boost)  
  70  6:08  Disruptor  
  68  6:12  Stalker x2  
  68  6:16  Probe x2  
  76  6:28  Probe  
  77  6:34  Probe  
  77  6:37  Pylon  
  77  6:39  Stalker x3, Disruptor  
  84  6:40  Probe, Pylon  
  84  6:43  Probe  
  84  6:46  Probe  
  90  6:53  Stalker, Probe  
  90  7:00  Probe  
  88  7:02  Probe  
  88  7:05  Probe  
  91  7:10  Stalker x3, Disruptor  
  91  7:11  Probe  
  91  7:14  Probe  
  99  7:17  Probe  
  99  7:24  Adept  
  99  7:25  Adept  
  103  7:35  Adept x3  
  105  7:40  Probe  
  105  7:41  Probe x2, Disruptor  
  107  7:46  Protoss Ground Weapons Level 2 (Chrono Boost)  
  107  7:50  Stalker x2  
  114  8:00  Robotics Facility  
  114  8:03  Assimilator  
  114  8:08  Stalker x2, Assimilator  
  114  8:10  Stalker  
  120  8:14  Probe  
  120  8:15  Probe x2  
  123  8:23  Stalker  
  125  8:27  Probe  
  126  8:34  Stalker  
  126  8:39  Nexus, Pylon  
  126  8:50  Disruptor (Chrono Boost)  
  126  8:51  Disruptor (Chrono Boost)  
  130  8:59  Stalker  
  130  9:00  Stalker x3  
  136  9:10  Stalker  
  136  9:15  Pylon, Photon Cannon  
  136  9:17  Pylon  
  131  9:32  Stalker x4  
  131  9:35  Nexus  
  117  9:40  Stalker  
  113  9:46  Colossus (Chrono Boost)  
  115  9:56  Stalker x3  
  121  10:12  Adept x2  
  120  10:28  Colossus (Chrono Boost)  
  122  10:33  Colossus (Chrono Boost)  
  128  10:41  Stalker x4  
  136  10:45  Pylon  
  136  10:51  Adept  
  136  11:04  Stalker  
  136  11:05  Stalker x3  
  120  11:24  Stalker  

Tags
 
Add a new tag
Caveats
  • Supply blocks, unpowered buildings, or Contaminate may cause inaccurate times.
  • Supply counts are checked every 10 seconds.